AoeStats
← HAMADY

Nomad

507414879Analyzed
4v4 RM · 15d ago on Sep 18, 2026· 67m 24s· 8 players
Game mode
Random Map
Map size
231×231
Population
200
Speed
Normal
Resources
Standard
Victory
Conquest
Starting age
Dark Age
Ending age
Imperial Age
RankedLock teamsTeams togetherTeam positionsShared explorationLock speedFull tech treeHidden civsTurbo modeCheats
Victory
Defeat
🇺🇸 Spanish · United States
1388
+15
🇺🇸 Dravidians · United States
1385
+15
🇺🇸 Japanese · United States
1377
+16
🇺🇸 Tupi · United States
1362
+16
🇪🇨 Armenians · Ecuador
1445
-18
🇨🇴 Italians · Colombia
1416
-17
🇯🇵 Spanish · Japan
1338
-14
🇦🇷 Dravidians · Argentina
1294
-13
Polestar
4:35 Loom
13:07 Feudal Age
17:50 Castle Age
16:03 Fletching
16:48 Double-Bit Axe
18:47 Bodkin Arrow
19:27 Medium Warships
20:25 Bow Saw
21:16 Forging
22:03 Fishing Lines
23:36 Iron Casting
24:31 Padded Archer Armor
33:26 Imperial Age
33:31 Leather Archer Armor
34:25 Wheelbarrow
33:13 Crossbowman
34:41 Bracer
35:14 Ballistics
35:47 Ring Archer Armor
35:31 Arbalester
38:05 Chemistry
37:24 Gold Mining
37:25 Stone Mining
37:18 Horse Collar
38:09 Heavy Plow
38:32 Treadmill Crane
39:38 Hand Cart
43:24 Gold Shaft Mining
45:48 Kataparuto
47:30 Conscription
47:19 Scale Mail Armor
47:22 Squires
47:07 Arson
47:56 Siege Engineers
47:55 Elite Samurai
48:52 Chain Mail Armor
50:28 Blast Furnace
51:33 Plate Mail Armor
53:50 Two-Man Saw
62:00 Elite Skirmisher
62:45 Thumb Ring
BloMo
9:45 Loom
12:05 Feudal Age
12:35 Fishing Lines
12:50 Double-Bit Axe
13:08 Gold Mining
19:23 Castle Age
18:25 Stone Mining
20:18 Bow Saw
20:21 Medium Warships
20:34 Gillnets
21:37 Fletching
22:47 Bodkin Arrow
22:53 Padded Archer Armor
25:48 Wheelbarrow
25:50 Leather Archer Armor
27:04 Horse Collar
29:36 Thumb Ring
30:08 Careening
30:24 Ballistics
30:29 Forging
34:11 Imperial Age
32:31 Guard Tower
32:54 Masonry
34:59 Bracer
36:38 Chemistry
36:09 Medical Corps
37:10 Ring Archer Armor
38:45 Two-Man Saw
40:24 Elite Elephant Archer
42:02 Conscription
42:19 Hoardings
41:55 Husbandry
43:52 Murder Holes
43:43 Arrowslits
47:50 Iron Casting
47:16 Scale Mail Armor
46:40 Elite Urumi Swordsman
47:26 Squires
47:11 Gambesons
47:13 Arson
50:01 Blast Furnace
51:47 Chain Mail Armor
52:32 Elite Skirmisher
59:37 Keep
60:55 Coinage
62:36 Guilds
64:39 Caravan
Returned_Legend
4:32 Loom
13:48 Feudal Age
14:43 Town Watch
17:53 Forging
20:18 Fletching
22:03 Wheelbarrow
30:07 Horse Collar
33:09 Double-Bit Axe
35:28 Man-at-Arms
42:49 Castle Age
40:50 Gold Mining
43:45 Bow Saw
43:37 Heavy Plow
45:47 Hand Cart
48:09 Stone Mining
54:04 Caravan
54:57 Husbandry
55:43 Husbandry
55:54 Bloodlines
55:53 Scale Barding Armor
56:24 Iron Casting
59:10 Imperial Age
56:01 Light Cavalry
57:03 Chain Barding Armor
58:50 Stone Shaft Mining
60:12 Conscription
60:35 Plate Barding Armor
61:09 Blast Furnace
59:49 Hussar
63:22 Bodkin Arrow
64:07 Arrowslits
64:42 Ballistics
65:23 Chemistry
64:14 Guard Tower
64:21 Murder Holes
64:37 Masonry
64:29 Bracer
64:33 Padded Archer Armor
64:48 Elite Skirmisher
65:46 Leather Archer Armor
bailey
14:13 Feudal Age
18:02 Castle Age
17:30 Double-Bit Axe
19:42 Fletching
20:38 Bow Saw
21:25 Bodkin Arrow
22:58 Loom
23:05 Fishing Lines
24:21 Padded Archer Armor
26:38 Wheelbarrow
27:36 Gold Mining
30:06 Ballistics
33:58 Imperial Age
32:12 Scale Mail Armor
32:15 Gillnets
33:09 Chain Mail Armor
33:05 Forging
32:30 Champi Runner
33:10 Squires
33:18 Horse Collar
33:30 Stone Mining
34:15 Gold Shaft Mining
33:14 Champi Warrior
34:34 Elite Champi Warrior
36:55 Conscription
37:11 Hand Cart
38:20 Plate Mail Armor
38:05 Forging
39:33 Leather Archer Armor
39:19 Bracer
41:03 Iron Casting
42:11 Ring Archer Armor
42:46 Chemistry
42:46 Capped Ram
44:12 Siege Ram
46:29 Curare
47:01 Elite Ibirapema Warrior
50:52 Two-Man Saw
55:13 Treadmill Crane
55:28 Guard Tower
55:24 Arrowslits
60:14 Elite Skirmisher
65:05 Pikeman
65:46 Arson
Maty
6:29 Loom
14:19 Feudal Age
14:45 Double-Bit Axe
14:48 Town Watch
15:26 Fishing Lines
16:36 Man-at-Arms
17:24 Long Swordsman
18:08 Scale Mail Armor
18:41 Arson
21:23 Castle Age
20:06 Gold Mining
21:54 Gambesons
22:10 Squires
22:28 Chain Mail Armor
23:06 Wheelbarrow
22:47 Bow Saw
25:19 Two-Handed Swordsman
26:40 Forging
30:10 Horse Collar
31:40 Fletching
32:23 Bodkin Arrow
33:54 Padded Archer Armor
35:36 Ballistics
38:13 Imperial Age
36:41 Leather Archer Armor
37:37 Gold Shaft Mining
36:55 Stone Mining
37:23 Hand Cart
40:43 Bracer
40:40 Elite Composite Bowman
43:38 Chemistry
42:22 Champion
43:24 Conscription
43:22 Cilician Fleet
44:04 Plate Mail Armor
45:58 Hoardings
48:52 Masonry
48:52 Fereters
50:15 Guilds
maxwell54
10:39 Loom
12:52 Feudal Age
13:56 Double-Bit Axe
17:04 Castle Age
16:16 Wheelbarrow
17:17 Town Watch
18:08 Wheelbarrow
18:09 Bow Saw
18:25 Medium Warships
18:14 Gold Mining
24:12 Horse Collar
24:47 Fletching
28:41 Bodkin Arrow
28:12 Elite Skirmisher
30:50 Ballistics
36:43 Imperial Age
34:32 Padded Archer Armor
35:10 Masonry
35:50 Leather Archer Armor
36:24 Thumb Ring
37:26 Bracer
38:22 Ring Archer Armor
39:02 Chemistry
38:05 Heavy Plow
38:21 Crossbowman
40:42 Arbalester
44:57 Two-Man Saw
56:33 Capped Ram
59:40 Scale Mail Armor
59:51 Forging
60:09 Squires
HAMADY
10:00 Loom
13:05 Feudal Age
17:31 Castle Age
22:59 Fletching
34:08 Wheelbarrow
33:49 Double-Bit Axe
35:52 Horse Collar
42:34 Imperial Age
42:37 Bodkin Arrow
42:43 Padded Archer Armor
43:59 Elite Skirmisher
44:58 Thumb Ring
46:01 Leather Archer Armor
46:15 Ballistics
46:56 Chemistry
46:53 Bracer
49:03 Ring Archer Armor
51:33 Scale Barding Armor
51:39 Forging
54:05 Chain Barding Armor
54:21 Iron Casting
53:57 Bloodlines
53:48 Husbandry
53:08 Light Cavalry
55:22 Plate Barding Armor
54:10 Hussar
55:05 Heavy Plow
55:19 Bow Saw
59:20 Blast Furnace
[ESTG] Mauzinga
7:27 Loom
13:01 Feudal Age
14:25 Double-Bit Axe
14:47 Fletching
21:46 Castle Age
21:54 Gold Mining
22:40 Medium Warships
22:26 Bodkin Arrow
23:39 Fishing Lines
26:35 Clinker Construction
27:17 Ballistics
31:20 Gillnets
32:38 Padded Archer Armor
33:18 Wheelbarrow
32:49 Town Watch
35:21 Leather Archer Armor
35:30 Hand Cart
35:16 Town Patrol
35:59 Husbandry
38:56 Imperial Age
37:32 Horse Collar
38:11 Bow Saw
38:27 Thumb Ring
39:07 Elite Elephant Archer
41:05 Chemistry
41:27 Ring Archer Armor
42:10 Bracer
43:35 Elite Skirmisher
49:28 Conscription
59:38 Elite Urumi Swordsman
60:23 Scale Mail Armor
60:34 Forging
62:26 Chain Mail Armor
62:47 Iron Casting
64:31 Medical Corps
Connection lost

Rejoining the realm…

Still unreachable

The connection could not be restored.

Session expired

The server has moved on; the page needs a fresh start.